 Dungeon Crawl Stone Soup version 0.25.0-26-g0c896c7088 (webtiles) character file.

Game seed: 1697506888827387324

3101 funkygono the Basher (level 9, -1/78 HPs)
             Began as a Minotaur Fighter on July 4, 2020.
             Was a Believer of the Shining One.
             Slain by a sky beast (3 damage)
             ... on level 8 of the Dungeon.
             The game lasted 00:17:58 (6367 turns).

funkygono the Basher (Minotaur Fighter)             Turns: 6367, Time: 00:17:58

Health: -1/78      AC: 12    Str: 24    XL:     9   Next: 59%
Magic:  8/8        EV: 10    Int:  5    God:    the Shining One [**....]
Gold:   351        SH: 11    Dex: 10    Spells: 8/8 levels left

rFire    . . .     SeeInvis +   a - +1 whip (venom)
rCold    . . .     Gourm    .   c - +0 kite shield
rNeg     + . .     Faith    .   k - +1 scale mail {MR+}
rPois    .         Spirit   .   j - +2 hat
rElec    .         Reflect  .   (no cloak)
rCorr    .         Harm     .   (no gloves)
MR       +....                  v - +0 pair of boots
Stlth    ..........             w - amulet of regeneration
HPRegen  0.63/turn              p - ring of see invisible
MPRegen  0.11/turn              (no ring)

@: lethally poisoned (-1 -> -2), glowing, studying Poison Magic
A: retaliatory headbutt, horns 2
a: Divine Shield, Renounce Religion


You were on level 8 of the Dungeon.
You worshipped the Shining One.
The Shining One was pleased with you.
You were not hungry.

You visited 1 branch of the dungeon, and saw 8 of its levels.
You also visited: Sewer.

You collected 351 gold pieces.

Inventory:

Hand Weapons
 a - a +1 whip of venom (weapon)
 b - a +0 hunting sling
 C - a +0 flail
 E - a +0 shortbow of flaming
Missiles
 h - 223 stones (quivered)
 l - 70 arrows
 o - 7 sling bullets
Armour
 c - a +0 kite shield (worn)
 j - a +2 hat (worn)
 k - a +1 scale mail of magic resistance (worn)
 v - a +0 pair of boots (worn)
 F - a +0 plate armour
Jewellery
 p - a ring of see invisible (left hand)
 w - an amulet of regeneration (around neck)
Wands
 y - a wand of acid (9)
Scrolls
 g - 7 scrolls of remove curse
 r - 3 scrolls of fog
 u - a scroll of magic mapping
 D - a scroll of fear
Potions
 d - 3 potions of might
 e - 2 potions of heal wounds
 i - 3 potions of stabbing
 m - a potion of brilliance {unknown}
 q - 2 potions of magic
 s - a potion of curing
 t - a potion of cancellation
 x - a potion of haste {unknown}
 z - 3 potions of mutation
 A - a potion of berserk rage {unknown}
Books
 n - a manual of Poison Magic
Comestibles
 f - 10 rations


   Skills:
 + Level 6.9 Fighting
 + Level 9.0 Maces & Flails
 + Level 6.0 Slings
 + Level 7.5 Armour
 + Level 3.1 Dodging
 + Level 0.2 Stealth
 + Level 7.7 Shields
 + Level 0.1 Evocations


You had 8 spell levels left.
You didn't know any spells.
Your spell library was empty.

Dungeon Overview and Level Annotations

Branches:
Dungeon (8/15)             Temple (0/1) D:4           Sewer (visited)
   Lair: D:8-11

Altars:
Ashenzari
Dithmenos
Elyvilon
Fedhas
Okawaru
Uskayaw
Xom
The Shining One

Shops:
D:4 *


Innate Abilities, Weirdness & Mutations

You reflexively headbutt those who attack you in melee.
You have a pair of horns on your head.


Message History

You headbutt the sky beast!
The sky beast is moderately wounded.
You feel sick. The orc warrior barely misses you. The sky beast hits you.
The sky beast shocks you.
You fail to use your ability.
You feel sick. You block the orc warrior's attack.
You block the sky beast's attack.
You barely miss the sky beast. Your headbutt misses the sky beast.
The sky beast is severely wounded.
You hit the sky beast.
The sky beast looks as sick as possible!
The sky beast is severely wounded.
You feel sick. You block the sky beast's attack.
The orc warrior hits you from afar with a +2 glaive of venom!!
* * * LOW HITPOINT WARNING * * *
You hit the sky beast but do no damage.
The sky beast looks as sick as possible!
Your headbutt misses the sky beast.
The sky beast is severely wounded.
The sky beast hits you.
You die...

.. .# .# #####.#
#... .######
#####.###.......
#.<.....#)......
#.#####..$(..(..(.
#...@Yo...#.(.([..
###########.......
S.$.... .###### >Y
.. ..


You could see an orc warrior and a sky beast (invisible, extremely poisoned).

Vanquished Creatures
  A hornet (D:7)
  A hippogriff (D:8)
  Eustachio (D:5)
  An orc warrior (D:7)
  An ice beast (D:6)
  2 phantoms
  3 centaurs
  An ogre (D:5)
  3 big kobolds (Sewer)
  4 bullfrogs
  A water moccasin zombie (D:6)
  3 scorpions
  4 howler monkeys
  A centaur skeleton (D:7)
  4 hounds
  2 jellies
  4 orc priests
  2 bullfrog skeletons (D:7)
  6 orc wizards
  2 iguanas
  3 hound skeletons
  7 gnolls
  3 river rats
  16 adders
  A shadow imp (D:6)
  4 oozes (Sewer)
  2 adder skeletons
  6 worms
  A dart slug (D:4)
  7 leopard geckos
  30 orcs
  2 bats
  7 giant cockroaches
  5 hobgoblins
  11 jackals
  A quokka (D:6)
  5 ball pythons
  9 frilled lizards
  8 goblins
  16 kobolds
  18 rats
209 creatures vanquished.

Vanquished Creatures (others)
  A plant (D:6)
1 creature vanquished.

Grand Total: 210 creatures vanquished

Notes
Turn   | Place    | Note
-------+----------+-------------------------------------------
     0 | D:1      | funkygono the Minotaur Fighter began the quest for the Orb.
     0 | D:1      | Reached XP level 1. HP: 19/19 MP: 0/0
   120 | D:1      | Reached XP level 2. HP: 23/27 MP: 1/1
   813 | D:2      | Found a shimmering altar of Xom.
   827 | D:2      | Reached skill level 3 in Maces & Flails
   860 | D:2      | Reached XP level 3. HP: 31/33 MP: 2/2
   886 | D:2      | Found a blossoming altar of Fedhas.
  1181 | D:2      | Reached XP level 4. HP: 38/40 MP: 3/3
  1843 | D:3      | Reached skill level 4 in Maces & Flails
  1916 | D:3      | Reached skill level 5 in Shields
  1916 | D:3      | Reached XP level 5. HP: 22/47 MP: 4/4
  2239 | D:3      | Found a faded altar of an unknown god.
  2617 | D:3      | Found a glowing golden altar of the Shining One.
  2618 | D:3      | Found a hide-covered altar of Uskayaw.
  2624 | D:3      | Became a worshipper of the Shining One
  2980 | D:4      | Reached XP level 6. HP: 53/53 MP: 5/5
  3022 | D:4      | Found Weaf's General Store.
  3065 | D:4      | Reached skill level 5 in Maces & Flails
  3083 | D:4      | Reached skill level 1 in Dodging
  3098 | D:4      | Found a glowing drain.
  3141 | Sewer    | Entered a sewer
  3482 | Sewer    | Reached skill level 5 in Armour
  3558 | Sewer    | Reached XP level 7. HP: 49/60 MP: 6/6
  3722 | Sewer    | Reached skill level 6 in Maces & Flails
  3733 | Sewer    | Reached skill level 5 in Fighting
  3881 | D:4      | Reached * piety under the Shining One
  4038 | D:4      | Found a staircase to the Ecumenical Temple.
  4251 | D:4      | Found a white marble altar of Elyvilon.
  4484 | D:5      | Entered Level 5 of the Dungeon
  4805 | D:5      | Noticed Eustachio
  4828 | D:5      | Killed Eustachio
  4828 | D:5      | Reached skill level 7 in Maces & Flails
  4828 | D:5      | Reached XP level 8. HP: 57/68 MP: 7/7
  4920 | D:5      | Reached skill level 1 in Slings
  5216 | D:6      | Reached ** piety under the Shining One
  5216 | D:6      | Reached skill level 8 in Maces & Flails
  5285 | D:6      | Found an iron altar of Okawaru.
  5288 | D:6      | Identified the +7 short sword of the Ship {antimagic, rF+++
                  | rC+ Int+2}
  5560 | D:6      | Found a shattered altar of Ashenzari.
  5747 | D:7      | Reached XP level 9. HP: 58/77 MP: 8/8
  6050 | D:7      | Reached skill level 5 in Slings
  6220 | D:7      | Found a shadowy altar of Dithmenos.
  6358 | D:8      | Reached skill level 9 in Maces & Flails
  6366 | D:8      | HP: 2/78 [orc warrior/+2 glaive of venom (21)]
  6367 | D:8      | Slain by a sky beast

Illustrated notes

Levels and vault maps discovered:
D:1:      tarquinn_simple_flora_water_a, layout_loops_ring
D:2:      layout_basic, xom_butterflies, fedhas_ov_isle_minmay
D:3:      cheibrodos_helix_gallery, layout_basic,
          chequers_temple_overflow_statue_of_worship,
          chequers_ecumenical_altar_simple, hangedman_decor_growths
D:4:      layout_loops_ring, kennysheep_little_box,
          minmay_temple_entry_enclosed_plants, portal_sewer_entry_b,
          lightli_ossuary_entry_decrepit_ruins, serial_forest,
          infiniplex_forest_lined_room_, infiniplex_forest_lined_room_,
          infiniplex_forest_clump_small, infiniplex_forest_end_3,
          infiniplex_forest_clump_cross, first_ration, serial_shops, shop
D:5:      layout_rooms, uniq_eustachio
D:6:      corexii_shack_village, layout_loops_cross, overflow_temple_1_default,
          overflow_temple_1_default, kennysheep_small_spiral, minmay_manual_moon
D:7:      layout_rooms, grunt_dithmenos_shadows
D:8:      layout_basic, lemuel_doored_altar, lair_entry_dummy, uniq_grum,
          uniq_joseph

Skill      XL: |  1  2  3  4  5  6  7  8  9 |
---------------+----------------------------+-----
Fighting       | 4 5 6 |  6.9
Maces & Flails | 3 4 5 7 8 9 |  9.0
Shields        | 4 5 6 7 |  7.7
Armour         | 4 5 6 7 |  7.5
Dodging        | 1 2 3 |  3.1
Slings         | 3 6 |  6.0
Stealth        | |  0.2
Evocations     | |  0.1

Action                   |  1- 3 |  4- 6 |  7- 9 || total
-------------------------+-------+-------+-------++-------
Melee: Flail             |   108 |   219 |   169 ||   496
       Headbutt          |    14 |    24 |    55 ||    93
       Whip              |       |       |    99 ||    99
 Fire: Hunting sling     |       |       |    87 ||    87
Evoke: Wand              |     5 |       |       ||     5
  Use: Scroll            |     1 |     3 |    11 ||    15
  Eat: Chunk             |     1 |     8 |     6 ||    15
       Ration            |       |       |     1 ||     1
Armor: Scale mail        |    33 |    73 |    77 ||   183
Dodge: Dodged            |    29 |    64 |    68 ||   161
Block: Kite shield       |    63 |    92 |   127 ||   282
